 Dungeon Crawl Stone Soup version 0.26-a0-812-g31a745ddcd (webtiles) character file.

Game seed: 17851682651987700941

8010 vishdafish the Basher (level 11, -2/162 (163) HPs)
             Began as a Troll Berserker on Nov 30, 2020.
             Was a High Priest of Trog.
             Slain by a yak (4 damage)
             ... while paralysed by Erolcha
             ... on level 10 of the Dungeon.
             The game lasted 00:11:18 (8408 turns).

vishdafish the Basher (Troll Berserker)             Turns: 8408, Time: 00:11:18

HP:   -2/162 (163)  AC:  9    Str: 30    XL:     11   Next: 4%
MP:   3/3           EV:  1    Int:  3    God:    Trog [*****.]
Gold: 440           SH:  0    Dex: 15    Spells: 10/10 levels left

rFire    . . .     SeeInvis .   E - +3 great mace (antimagic)
rCold    . . .     Faith    .   (shield currently unavailable)
rNeg     . . .     Spirit   .   b - +0 animal skin
rPois    .         Reflect  .   (helmet restricted)
rElec    .         Harm     .   y - +2 cloak
rCorr    .         Rampage  .   (gloves unavailable)
MR       .....                  (boots unavailable)
Stlth    ..........             (no amulet)
HPRegen  0.77/turn              D - +6 ring of dexterity
MPRegen  0.08/turn              N - +4 ring of slaying (curse)

@: paralysed, berserking
A: large, unfitting armour, claws 3, regeneration 1, shaggy fur 1, tough skin 3
a: Berserk, Trog's Hand, Brothers in Arms, Renounce Religion


You were on level 10 of the Dungeon.
You worshipped Trog.
Trog was extremely pleased with you.
You visited 1 branch of the dungeon, and saw 10 of its levels.
You also visited: Ossuary.

You collected 440 gold pieces.

Inventory:

Hand Weapons
 a - a +0 mace
 E - a +3 antimagic great mace (weapon)
 R - a +2 vorpal dire flail
Missiles
 n - 36 poisoned darts (quivered)
Armour
 b - a +0 animal skin (worn)
 y - a +2 cloak (worn)
Jewellery
 r - an uncursed ring of resist corrosion
 x - an uncursed ring of protection from fire
 D - a +6 ring of dexterity (left claw)
 I - an uncursed ring of ice
 L - an uncursed ring of protection from cold
 N - a cursed +4 ring of slaying (right claw)
 Q - an uncursed ring of positive energy {unknown}
Wands
 s - a wand of polymorph (17)
 t - a wand of iceblast (8)
 A - a wand of acid (6)
 H - a wand of flame (31)
 O - a wand of enslavement (6)
 P - a wand of digging (6)
Scrolls
 d - 4 scrolls of fear
 e - 7 scrolls of remove curse
 f - 11 scrolls of teleportation
 j - 2 scrolls of immolation {unknown}
 m - 5 scrolls of random uselessness {unknown}
 o - 5 scrolls of blinking
 p - 5 scrolls of enchant weapon {unknown}
 v - 2 scrolls of magic mapping {unknown}
 B - a scroll of amnesia {unknown}
 C - 2 scrolls of enchant armour {unknown}
 G - a scroll of noise {unknown}
 J - a scroll of torment {unknown}
 M - a scroll of identify
Potions
 c - 3 potions of attraction {unknown}
 g - 2 potions of lignification
 h - 6 potions of heal wounds {unknown}
 i - a potion of resistance
 k - 4 potions of degeneration
 l - 3 potions of curing
 q - a potion of ambrosia
 u - 2 potions of mutation {unknown}
 w - a potion of brilliance {unknown}
 z - a potion of might {unknown}
 F - a potion of magic {unknown}
 K - a potion of invisibility {unknown}


   Skills:
 + Level 7.0 Fighting
 * Level 10.3 Maces & Flails
 + Level 6.7 Throwing
 + Level 6.9 Dodging


You had 10 spell levels left.
You didn't know any spells.
Your spell library contained the following spells:

 Spells                   Type           Power        Failure   Level
 Magic Dart               Conj           #...         52%         1
 Blink                    Tloc           N/A          67%         2
 Call Imp                 Summ           #.......     67%         2
 Poisonous Vapours        Pois/Air       #.....       67%         2
 Searing Ray              Conj           #.....       67%         2
 Slow                     Hex            #.......     67%         2
 Conjure Flame            Conj/Fire      #.......     88%         3
 Dazzling Flash           Conj/Hex       #.....       88%         3
 Mephitic Cloud           Conj/Pois/Air  #.......     88%         3
 Fulminant Prism          Conj/Hex       #.........   99%         4
 Iskenderun's Mystic Bla  Conj/Tloc      #.......     99%         4
 Bolt of Magma            Conj/Fire/Erth #.........   100%        5
 Iskenderun's Battlesphe  Conj           #.......     100%        5
 Freezing Cloud           Conj/Ice/Air   #.........   100%        6
 Iron Shot                Conj/Erth      #.........   100%        6
 Orb of Destruction       Conj           #.........   100%        7
 Spellforged Servitor     Conj/Summ      #.........   100%        7


Dungeon Overview and Level Annotations

Branches:
Dungeon (10/15)            Temple (0/1) D:5            Lair (0/6) D:8
Ossuary (visited)
    Orc: D:9-12

Altars:
Dithmenos
Elyvilon
Fedhas
Gozag
Hepliaklqana
Kikubaaqudgha
Nemelex Xobeh
Ru
Sif Muna

Shops:
D:8 !

Annotations:
D:10 Erolcha


Innate Abilities, Weirdness & Mutations

You are too large for most types of armour.
You have claws for hands.
Your natural rate of healing is unusually fast.
You are covered in fur. (AC +1)
You have extremely tough skin. (AC +3)


Message History

The bolt of cold hits you! The yak barely misses you. The yak misses you.
Unknown command.
A red film seems to cover your vision as you go berserk!
You feel yourself moving faster!
You feel mighty! The yak gores you but does no damage. The yak gores you!
Erolcha zaps a wand.
You suddenly lose the ability to move!
The yak gores you. The yak gores you but does no damage.
Erolcha hits you with a +1 spectral giant spiked club!
The yak gores you! x2; The yak gores you!!
The yak gores you!
* * * LOW HITPOINT WARNING * * *
The spectral weapon hits you!
* * * LOW HITPOINT WARNING * * *
Erolcha hits you with a +1 spectral giant spiked club!
* * * LOW HITPOINT WARNING * * *
The spectral weapon hits you!!
* * * LOW HITPOINT WARNING * * *
The yak gores you.
* * * LOW HITPOINT WARNING * * *
The yak gores you.
You die...

#..........
#.....#####
######.....#
+####..........#
..................
...................
..........#####....
......(...# .###
......O@Y.# #
#####.YYY.#
..'..Y..#
....#.....#
....#.....# ...
#...... .. #......#
#......#


You could see Erolcha (fast), 5 yaks and a +1 spectral giant spiked club
(summoned).

Vanquished Creatures
  A two-headed ogre (D:9)
  Pikel (D:4)
  11 yaks
  Eustachio (D:6)
  Grum (D:10)
  Menkaure (D:6)
  A water moccasin (D:9)
  6 ice beasts
  Duvessa (D:7)
  2 sky beasts
  An orc warrior (D:9)
  3 black bears
  2 phantoms (D:6)
  A necrophage (D:9)
  3 wolves (D:10)
  6 ogres
  3 centaurs
  2 big kobolds
  2 elf zombies (Ossuary)
  8 bullfrogs
  Dowan (D:7)
  4 killer bees (D:9)
  3 howler monkeys
  2 centaur zombies (Ossuary)
  Crazy Yiuf (D:6)
  A human zombie (Ossuary)
  A gnoll shaman (D:5)
  4 hounds
  4 orc priests
  A jelly (D:8)
  A bullfrog skeleton (D:4)
  Natasha (thrice) (D:4)
  8 orc wizards
  5 worker ants
  A big kobold zombie (Ossuary)
  A hound zombie (D:5)
  3 mummies
  6 gnolls
  15 adders
  An ufetubus (D:6)
  2 oozes
  3 adder zombies
  An adder skeleton (D:4)
  A worm (D:4)
  A dart slug (D:3)
  8 leopard geckos
  30 orcs
  A ball python (D:3)
  9 bats
  3 giant cockroaches
  8 goblins
  11 hobgoblins
  18 jackals
  3 quokkas
  5 frilled lizards
  A giant cockroach zombie (D:5)
  A goblin zombie (Ossuary)
  11 hobgoblin zombies (Ossuary)
  A jackal skeleton (D:5)
  15 kobolds
  13 kobold zombies (Ossuary)
  A leopard gecko skeleton (D:4)
  A leopard gecko zombie (D:5)
  4 orc zombies (Ossuary)
  7 rats
  A rat zombie (Ossuary)
283 creatures vanquished.

Vanquished Creatures (others)
  A human (D:2)
  An orc wizard (D:7)
2 creatures vanquished.

Grand Total: 285 creatures vanquished

Notes
Turn   | Place    | Note
-------+----------+-------------------------------------------
     0 | D:1      | vishdafish the Troll Berserker began the quest for the Orb.
     0 | D:1      | Reached XP level 1. HP: 22/22 MP: 0/0
    40 | D:1      | Reached XP level 2. HP: 27/29 MP: 1/1
   111 | D:1      | Reached skill level 3 in Maces & Flails
   346 | D:1      | Reached ** piety under Trog
   347 | D:1      | Reached XP level 3. HP: 34/36 MP: 2/2
   600 | D:2      | Found an ancient bone altar of Kikubaaqudgha.
   673 | D:2      | Reached XP level 4. HP: 45/45 MP: 3/3
   731 | D:2      | Noticed a human
   732 | D:2      | Killed a human
  1109 | D:2      | Reached skill level 4 in Maces & Flails
  1169 | D:2      | Reached XP level 5. HP: 39/53 MP: 4/4
  1345 | D:2      | Reached *** piety under Trog
  1612 | D:3      | Reached skill level 1 in Throwing
  1648 | D:3      | You fall into a shaft and drop 1 floor!
  1649 | D:4      | Found a sparkling altar of Nemelex Xobeh.
  1668 | D:4      | Noticed Natasha
  1675 | D:4      | Killed Natasha
  1840 | D:3      | Reached XP level 6. HP: 55/61 MP: 5/5
  2262 | D:3      | Found a faded altar of an unknown god.
  2444 | D:3      | Found an opulent altar of Gozag.
  2460 | D:3      | Found a sacrificial altar of Ru.
  2462 | D:3      | Found a hazy altar of Hepliaklqana.
  2622 | D:4      | Noticed Natasha
  2639 | D:4      | Killed Natasha
  3144 | D:4      | Noticed Natasha
  3158 | D:4      | Killed Natasha
  3188 | D:4      | Reached skill level 5 in Maces & Flails
  3190 | D:4      | Noticed Pikel
  3200 | D:4      | Killed Pikel
  3200 | D:4      | Reached XP level 7. HP: 37/70 MP: 6/6
  3307 | D:5      | Entered Level 5 of the Dungeon
  3352 | D:5      | Found a shimmering blue altar of Sif Muna.
  3371 | D:5      | Found a staircase to the Ecumenical Temple.
  3529 | D:5      | Reached **** piety under Trog
  3726 | D:5      | You fall into a shaft and drop 2 floors!
  3755 | D:7      | Reached skill level 6 in Maces & Flails
  3821 | D:7      | Reached XP level 8. HP: 76/79 MP: 7/7
  4266 | D:6      | Noticed Menkaure
  4277 | D:6      | Killed Menkaure
  4277 | D:6      | Reached skill level 7 in Maces & Flails
  4312 | D:6      | Reached skill level 5 in Fighting
  4446 | D:6      | Reached skill level 5 in Dodging
  4501 | D:6      | Reached XP level 9. HP: 88/88 MP: 8/8
  4608 | D:6      | Noticed Eustachio
  4616 | D:6      | Killed Eustachio
  4748 | D:6      | Reached skill level 8 in Maces & Flails
  4834 | D:6      | Found a sand-covered staircase.
  4840 | Ossuary  | Entered an ossuary
  4878 | Ossuary  | Reached ***** piety under Trog
  5034 | Ossuary  | Received a gift from Trog
  5038 | Ossuary  | Reached skill level 5 in Throwing
  5360 | D:6      | Found a runed translucent door.
  5361 | D:6      | Noticed Crazy Yiuf
  5725 | D:6      | Killed Crazy Yiuf
  5937 | D:5      | Found a white marble altar of Elyvilon.
  5939 | D:5      | Found a blossoming altar of Fedhas.
  6259 | D:7      | Noticed Duvessa
  6259 | D:7      | Noticed Dowan
  6264 | D:7      | Killed Duvessa
  6268 | D:7      | Killed Dowan
  6770 | D:8      | Reached XP level 10. HP: 91/98 MP: 3/9
  6785 | D:8      | Found a staircase to the Lair.
  6797 | D:8      | Found Liryd's Distillery.
  6848 | D:8      | Found a shadowy altar of Dithmenos.
  6875 | D:8      | Reached skill level 9 in Maces & Flails
  7282 | D:9      | Noticed a two-headed ogre
  7288 | D:9      | Killed a two-headed ogre
  7462 | D:9      | Received a gift from Trog
  7703 | D:9      | HP: 7/150 [yak (7)]
  7874 | D:9      | Found a sparkling altar of Nemelex Xobeh.
  7983 | D:9      | Reached skill level 10 in Maces & Flails
  8216 | D:10     | Entered Level 10 of the Dungeon
  8301 | D:10     | Noticed Grum
  8307 | D:10     | Killed Grum
  8308 | D:10     | Reached XP level 11. HP: 106/106 MP: 3/10
  8398 | D:10     | Noticed Erolcha
  8406 | D:10     | Paralysed by Erolcha for 3 turns
  8408 | D:10     | HP: 7/162 [spectral weapon/+1 spectral giant spiked
                  | club[Erolcha] (22)]
  8408 | D:10     | HP: 2/162 [yak (5)]
  8408 | D:10     | Slain by a yak

Illustrated notes

Levels and vault maps discovered:
D:1:      wander_arrival_desolate, layout_loops_cross,
          minmay_misc_feat_four_crosses
D:2:      layout_loops_ring, minmay_strange_pillars, tgw_kikubaaqudgha
D:3:      layout_loops_corners, grunt_temple_overflow_open,
          chequers_ecumenical_altar_grove
D:4:      layout_basic, nicolae_overflow_crystal_walls,
          kennysheep_generic_room_15, uniq_pikel, uniq_natasha
D:5:      layout_basic, lemuel_blue_sif_altar,
          chequers_temple_overflow_statue_of_worship,
          minmay_temple_entry_stoned_glass
D:6:      minmay_spotlight, layout_loops_ring, gup_ossuary_entry_pyramid,
          st_stairs_7, uniq_eustachio, uniq_menkaure, uniq_crazy_yiuf_cottage
D:7:      layout_cave_pods, uniq_duvessa
D:8:      layout_cave_pools, lemuel_crystal_altar, lair_entry_dummy,
          serial_shops, nicolae_shop_statue_plus, minmay_circle_x
D:9:      layout_roguey, nemelex_spade_bored_becter
D:10:     layout_gridville, uniq_erolcha, uniq_grum

Skill      XL: |  1  2  3  4  5  6  7  8  9 10 11 |
---------------+----------------------------------+-----
Maces & Flails | 3 4 5 6 7 8 10 | 10.3
Fighting       | 3 4 5 6 7 |  7.0
Dodging        | 3 4 5 6 |  6.9
Throwing       | 1 2 3 4 5 6 |  6.7

Action                   |  1- 3 |  4- 6 |  7- 9 | 10-12 || total
-------------------------+-------+-------+-------+-------++-------
Melee: Mace              |   103 |   285 |   417 |       ||   805
       Great mace        |       |       |    99 |   144 ||   243
Throw: Dart              |       |       |     6 |       ||     6
Invok: Berserk           |     1 |     5 |     5 |     7 ||    18
  Use: Scroll            |       |     7 |     2 |     1 ||    10
       Potion            |       |       |       |     1 ||     1
 Stab: Sleeping          |       |       |     1 |     2 ||     3
Armor: Animal skin       |    59 |   139 |   227 |    48 ||   473
       Skin              |       |       |       |     2 ||     2
Dodge: Dodged            |    85 |   184 |   374 |   119 ||   762

Table legend: (Time is in decaauts)
 A = Elapsed time spent in this place.
 B = Non-inter-level travel time spent in this place.
 C = Inter-level travel time spent in this place.
 D = Time resting spent in this place.
 E = Time spent auto-exploring this place.
 F = Levels seen in this place.
 G = Mean time per level.
                   A        B        C        D        E       F      G
               +--------+--------+--------+--------+--------+-----+--------+
         Total |   8692 |   8271 |    421 |    902 |   5348 |  11 |  790.2 |
       Dungeon |   8368 |   7947 |    421 |    902 |   5225 |  10 |  836.8 |
       Ossuary |    323 |    323 |      0 |      0 |    123 |   1 |  323.0 |
               +--------+--------+--------+--------+--------+-----+--------+

Top non-repeatable levels by time:
     D:6: 1375 daAuts
     D:7: 1088 daAuts
     D:9: 983 daAuts
     D:4: 976 daAuts
     D:3: 974 daAuts
     D:2: 796 daAuts
     D:5: 686 daAuts
     D:1: 681 daAuts
     D:8: 597 daAuts
 Ossuary: 323 daAuts
    D:10: 208 daAuts
